 Dungeon Crawl Stone Soup version 0.28.0-53-g5a82cb258f (webtiles) character file.

Game seed: 8370561255246276103

81 Sanktem7 the Skirmisher (level 4, -3/42 HPs)
             Began as a Minotaur Berserker on June 30, 2022.
             Was a Believer of Trog.
             Slain by a sky beast (5 damage)
             ... on level 3 of the Dungeon.
             The game lasted 00:02:42 (1925 turns).

Sanktem7 the Skirmisher (Minotaur Berserker)        Turns: 1925, Time: 00:02:43

Health: -3/42      AC:  3    Str: 24    XL:     4   Next: 20%
Magic:  3/3        EV: 12    Int:  4    God:    Trog [**....]
Gold:   139        SH:  5    Dex:  9    Spells: 3/3 levels left

rFire   . . .      SeeInvis .   a - +0 hand axe {axe}
rCold   . . .      Faith    .   (no shield)
rNeg    . . .      Spirit   .   b - +0 animal skin
rPois   .          Reflect  +   (helmet restricted)
rElec   .          Harm     .   c - +0 cloak
rCorr   .          Rampage  .   (no gloves)
Will    +....                   (no boots)
Stlth   +.........              m - amulet of reflection
HPRegen 0.14/turn               g - ring of willpower
MPRegen 0.08/turn               (no ring)

@: no status effects
A: horns 2, retaliatory headbutt
a: Renounce Religion, Berserk, Trog's Hand


You were on level 3 of the Dungeon.
You worshipped Trog.
Trog was pleased with you.
You visited 1 branch of the dungeon, and saw 3 of its levels.

You collected 139 gold pieces.


Innate Abilities, Weirdness & Mutations

You have a pair of horns on your head.
You reflexively headbutt those who attack you in melee.


   Skills:
 * Level 5.0 Fighting
 * Level 5.0 Axes
 - Level 2.4 Armour
 - Level 2.1 Dodging


You had 3 spell levels left.
You didn't know any spells.
Your spell library contained the following spells:

 Spells                   Type           Power      Damage    Failure   Level
 Borgnjor's Revivificati  Necr           0%         N/A       100%        8
 Necromutation            Tmut/Necr      0%         N/A       100%        8
 Death's Door             Necr           0%         N/A       100%        9

Inventory:

Hand Weapons
 a - a +0 hand axe (weapon) {axe}
Missiles
 e - 82 stones (quivered) {throwing}
 l - 58 arrows
 n - 3 poisoned darts {throwing}
Armour
 b - a +0 animal skin (worn)
 c - a +0 cloak (worn)
   (You found it on level 1 of the Dungeon)
Jewellery
 g - a ring of willpower (left hand)
   (You found it on level 1 of the Dungeon)
 m - an amulet of reflection (around neck)
   (You found it on level 1 of the Dungeon)
Wands
 q - a wand of iceblast (7)
   (You found it on level 2 of the Dungeon)
Scrolls
 d - a scroll of enchant weapon {unknown}
 f - a scroll of fog {unknown}
 h - 2 scrolls of vulnerability {unknown}
 j - a scroll of amnesia {unknown}
 o - a scroll of teleportation {unknown}
Potions
 i - 2 potions of heal wounds {unknown}
 k - a potion of attraction {unknown}

Dungeon Overview and Level Annotations

Branches:
Dungeon (3/15)

Altars:

Shops:
D:2

=*= #..##.....#
#)##....#
######.##.###.##.####
#.#......##.#
#....######.#
#..#.....##.#
##.#.###.##.#
#.#.#.#.##.#
#..<..#....#
##.@########
.......{.......
##......#######
#....... ######..#
.... ..... .....


There were no monsters in sight!


Message History

No target in view!
No target in view!
There is a large open door here.
You pick up a Necronomicon {forbidden} and begin reading...
You add the spells Borgnjor's Revivification, Necromutation and Death's Door to your library. 😎 HP[+5]
Your hp is fully restored (42).
Partly explored, can't reach some places.
Partly explored, can't reach some places.
Partly explored, can't reach some places.
Partly explored, can't reach some places.
Partly explored, can't reach some places.
Partly explored, can't reach some places.
Partly explored, can't reach some places.
Partly explored, can't reach some places.
No target in view!
You see here a quokka corpse.
There is a large open door here.
There is a large open door here.
There is a large open door here.
There is a stone staircase leading up here.
There is a stone staircase leading down here.
You climb downwards.
There is a stone staircase leading up here.
You drop a +3 dagger {short}.
e - 82 stones {throwing} (gained 14)
You now have 139 gold pieces (gained 13).
Found a stone staircase leading down.
A white imp comes into view.
The white imp shouts, "Go and return not, thou defiled fen-sucked slime mould!"
A white imp is nearby!
You see here a +0 hand axe {axe}.
The white imp misses you.
You slash the white imp! Your headbutt misses the white imp.
The white imp hits you. The white imp freezes you. 😕 HP[-5]
You take 5 damage, and now have 37/42 hp.
You hit the white imp but do no damage. Your headbutt misses the white imp.
The white imp hits you. The white imp freezes you. 😮 HP[-8]
You take 8 damage, and now have 29/42 hp.
You are too injured to fight recklessly!
You are too injured to fight recklessly!
You are too injured to fight recklessly!
You are too injured to fight recklessly!
You are too injured to fight recklessly!
You are too injured to fight recklessly!
A white imp is nearby!
You completely miss the white imp. The white imp hits you.
The white imp freezes you. The white imp gestures at you.
The puff of frost hits you. 😮 HP[-6]
You take 6 damage, and now have 23/42 hp.
You hit the white imp but do no damage. You block the white imp's attack.
You hit the white imp.
You kill the white imp!
Trog accepts your kill. 😮 HP[+1]
l - 58 arrows (gained 18)
A sky beast comes into view. 😎 HP[+18]
Your hp is fully restored (42).
A sky beast is nearby!
The sky beast flickers out of sight!
Deactivating autopickup; reactivate with Ctrl-A.
There is a stone staircase leading up here.
You see here a +3 dagger {short}.
Something barely misses you.
You hit something but do no damage. Something hits you but does no damage.
You miss something. Something hits you. Something shocks you.
Something hits you. Something shocks you. 😮 HP[-17]
You take 17 damage, and now have 25/42 hp.
MASSIVE DAMAGE!! (PAUSE)
You miss something. You block something's attack.
You closely miss something. Something barely misses you. 😮 HP[+1]
You hit something. Something hits you. Something shocks you.
* * * LOW HITPOINT WARNING * * *
😨 HP[-7]
You take 7 damage, and now have 19/42 hp.
You slash something! Something hits you.
* * * LOW HITPOINT WARNING * * *
Something shocks you.
* * * LOW HITPOINT WARNING * * *
😨 HP[-7]
You take 7 damage, and now have 12/42 hp.
You hit something. Your headbutt misses something.
Something hits you but does no damage.
You closely miss something. Something hits you.
* * * LOW HITPOINT WARNING * * *
Something shocks you.
* * * LOW HITPOINT WARNING * * *
😱 HP[-8]
You take 8 damage, and now have 4/42 hp.
You hit something but do no damage. Something hits you.
* * * LOW HITPOINT WARNING * * *
Something shocks you.
You die...

Skill      XL: |  1  2  3  4 |
---------------+-------------+-----
Fighting       | 4 5 |  5.0
Axes           | 4 5 |  5.0
Armour         | |  2.4
Dodging        | |  2.1

Action                   |  1- 3 |  4- 6 || total
-------------------------+-------+-------++-------
Melee: Hand axe          |   100 |    25 ||   125
       Headbutt          |     8 |     1 ||     9
 Stab: Sleeping          |     1 |       ||     1
Armor: Animal skin       |    30 |     4 ||    34
Dodge: Dodged            |    84 |    23 ||   107
Block: Other             |    21 |     4 ||    25

Levels and vault maps discovered:
D:1:      dpeg_arrival_stone_temple_mockup, layout_rooms
D:2:      kennysheep_big_flooded_room, layout_loops_ring, serial_shops,
          nicolae_shop_advertising_works [nicolae_subvault_shop_adworks],
          nicolae_shop_statue_plus, shop, kennysheep_generic_room_15
D:3:      layout_basic, kennysheep_orc_sif_temple, mainiacjoe_overflow_chevrons,
          uniq_terence, uniq_sigmund

Notes
Turn   | Place    | Note
-------+----------+-------------------------------------------
     0 | D:1      | Sanktem7 the Minotaur Berserker began the quest for the
                  | Orb.
     0 | D:1      | Reached XP level 1. HP: 19/19 MP: 0/0
     0 | D:1      | magus.rc [v1.9.6]
    99 | D:1      | Reached skill level 4 in Fighting
    99 | D:1      | Reached skill level 4 in Axes
   101 | D:1      | Reached XP level 2. HP: 21/27 MP: 1/1
   539 | D:1      | Reached ** piety under Trog
   590 | D:2      | Found Tiedomn's Jewellery Boutique.
   640 | D:2      | Reached XP level 3. HP: 34/34 MP: 2/2
   661 | D:2      | HP: 8/34 [poisoned by an adder]
   942 | D:2      | Found Hohuo's Jewellery Boutique.
   943 | D:2      | Found Degargh's Assorted Antiques.
  1458 | D:2      | Reached XP level 4. HP: 39/41 MP: 3/3
  1534 | D:2      | Reached skill level 5 in Fighting
  1538 | D:2      | Reached skill level 5 in Axes
  1595 | D:2      | You add the spells Borgnjor's Revivification, Necromutation
                  | and Death's Door to your library.
  1913 | D:3      | Noticed a sky beast
  1924 | D:3      | HP: 10/42 [something (2)]
  1924 | D:3      | HP: 4/42 [something (6)]
  1925 | D:3      | Slain by a sky beast

Vanquished Creatures
  2 adders (D:2)
  A white imp (D:3)
  A dart slug (D:1)
  8 bats
  4 endoplasms
  A giant cockroach (D:1)
  5 goblins
  A hobgoblin (D:2)
  8 jackals
  2 quokkas (D:2)
  6 ball pythons
  4 frilled lizards
  5 kobolds
  4 rats
52 creatures vanquished.

Table legend:
 A = Non-vault XP
 B = Vault XP
 C = Vault XP percentage of total XP
 D = Non-vault monster count
 E = Vault monster count
 F = Vault count percentage of total count
                 A         B        C        D         E       F
            +---------+---------+-------+---------+---------+-------
      Total |     111 |       6 |   5.1 |      49 |       3 |   5.8
            +---------+---------+-------+---------+---------+-------
        D:1 |      36 |       0 |   0.0 |      22 |       0 |   0.0
        D:2 |      65 |       6 |   8.5 |      26 |       3 |  10.3
        D:3 |      10 |       0 |   0.0 |       1 |       0 |   0.0
            +---------+---------+-------+---------+---------+-------

Illustrated notes

Table legend:
 A = Kills in this place as a percentage of kills in entire the game.
 B = Kills by you in this place as a percentage of kills by you in the entire game.
 C = Kills by friends in this place as a percentage of kills by friends in the entire game.
 D = Other kills in this place as a percentage of other kills in the entire game.
 E = Experience gained in this place as a percentage of experience gained in the entire game.
 F = Experience gained in this place divided by the number of levels of this place that you have seen.
                   A       B       C       D       E      F
               +-------+-------+-------+-------+-------+----------------------
         Total | 100.0 | 100.0 |   N/A |   N/A | 100.0 |  39.0
       Dungeon | 100.0 | 100.0 |   N/A |   N/A | 100.0 |  39.0
               +-------+-------+-------+-------+-------+----------------------

Table legend: (Time is in decaauts)
 A = Elapsed time spent in this place.
 B = Non-inter-level travel time spent in this place.
 C = Inter-level travel time spent in this place.
 D = Time resting spent in this place.
 E = Time spent auto-exploring this place.
 F = Levels seen in this place.
 G = Mean time per level.
                   A        B        C        D        E       F      G
               +--------+--------+--------+--------+--------+-----+--------+
         Total |   1933 |   1828 |    105 |      0 |   1505 |   3 |  644.3 |
       Dungeon |   1933 |   1828 |    105 |      0 |   1505 |   3 |  644.3 |
               +--------+--------+--------+--------+--------+-----+--------+

Top non-repeatable levels by time:
     D:2: 1115 daAuts
     D:1: 594 daAuts
     D:3: 223 daAuts
